 Dungeon Sprint DCSS version 0.28-a0-313-gbc0475efdd (webtiles) character file.

Game seed: 11401126000109793313

228 lmSkywalker the Cleaver (level 5, 0/67 HPs)
             Began as a Minotaur Fighter on Sept 1, 2021.
             Succumbed to a scorpion's poison
             ... in the Dungeon (Sprint II: "The Violet Keep of Menkaure").
             The game lasted 00:00:34 (15 turns).

lmSkywalker the Cleaver (Minotaur Fighter)            Turns: 15, Time: 00:00:34

Health: 0/67       AC:  6    Str: 21    XL:     5   Next: 70%
Magic:  4/4        EV:  7    Int:  5    God:
Gold:   0          SH:  8    Dex: 10    Spells: 4/4 levels left

rFire   . . .      SeeInvis .   a - +0 war axe
rCold   . . .      Faith    .   c - +0 kite shield
rNeg    . . .      Spirit   .   b - +0 scale mail
rPois   .          Reflect  .   (helmet restricted)
rElec   .          Harm     .   (no cloak)
rCorr   .          Rampage  .   (no gloves)
Will    .....      NoTele   +   (no boots)
Stlth   ..........              (no amulet)
HPRegen 0.21/turn               (no ring)
MPRegen 0.09/turn               (no ring)

@: mighty, berserking, lethally poisoned (0 -> -13), very quick
A: horns 2, retaliatory headbutt
a: no special abilities


You were in the Dungeon.
You visited 1 branch

Inventory:

Hand Weapons
 a - a +0 war axe (weapon)
Armour
 b - a +0 scale mail (worn)
 c - a +0 kite shield (worn)
Scrolls
 j - a scroll of blinking
Potions
 g - a potion of haste
 h - 2 potions of magic


   Skills:
 - Level 3.6 Fighting
 + Level 13.7 Axes
 - Level 3.6 Armour
 - Level 3.6 Shields


You had 4 spell levels left.
You didn't know any spells.
Your spell library was empty.

Dungeon Overview and Level Annotations

Branches:
Dungeon (1/1)

Altars:


Innate Abilities, Weirdness & Mutations

You have a pair of horns on your head.
You reflexively headbutt those who attack you in melee.


Message History

Your Axes skill gained 2 levels and is now at level 11!
You have reached level 4!
You feel agile.
You hit the scorpion.
The scorpion is moderately wounded.
You block the scorpion's attack.
You closely miss the scorpion. Your headbutt misses the scorpion.
The scorpion is moderately wounded.
The scorpion stings you!
* * * LOW HITPOINT WARNING * * *
You are lethally poisoned!
The scorpion poisons you!
The scorpion stings you but does no damage.
You slash the scorpion!
You kill the scorpion!
* * * LOW HITPOINT WARNING * * *
You feel very sick.
Your Axes skill increases to level 12!
You have reached level 5!
You feel much better.
You feel very sick. The scorpion stings you.
You slash the scorpion!
The scorpion is almost dead.
You feel sick. The scorpion stings you.
* * * LOW HITPOINT WARNING * * *
You are lethally poisoned!
The scorpion poisons you! The scorpion stings you.
* * * LOW HITPOINT WARNING * * *
You slice the scorpion!!
You kill the scorpion!
* * * LOW HITPOINT WARNING * * *
You feel very sick.
Your Axes skill increases to level 13!
You close the door.
* * * LOW HITPOINT WARNING * * *
You feel very sick.
A red film seems to cover your vision as you go berserk!
You feel yourself moving faster!
You feel mighty!
You die...

# #. #+#
#..##.##
#+@<.+
#..##.##
#. #+# #


There were no monsters in sight!

Vanquished Creatures
  4 scorpions (D)
4 creatures vanquished.

Notes
Turn   | Place    | Note
-------+----------+-------------------------------------------
     0 | D        | lmSkywalker the Minotaur Fighter began the quest for the
                  | Orb.
     0 | D        | Reached XP level 1. HP: 19/19 MP: 0/0
     1 | D        | Noticed a scorpion
     1 | D        | Noticed a scorpion
     1 | D        | Noticed a scorpion
     1 | D        | Noticed a scorpion
     3 | D        | Killed a scorpion
     4 | D        | Reached skill level 9 in Axes
     4 | D        | Reached XP level 2. HP: 15/26 MP: 1/1
     4 | D        | Reached XP level 3. HP: 18/31 MP: 2/2
     7 | D        | Killed a scorpion
     8 | D        | Reached skill level 11 in Axes
     8 | D        | Reached XP level 4. HP: 13/39 MP: 3/3
    10 | D        | Killed a scorpion
    11 | D        | Reached skill level 12 in Axes
    11 | D        | Reached XP level 5. HP: 3/45 MP: 4/4
    14 | D        | Reached skill level 13 in Axes
    14 | D        | HP: 2/45 [poisoned by a scorpion]
    15 | D        | Succumbed to a scorpion's poison

Illustrated notes

Levels and vault maps discovered:
D:        the_violet_keep_of_menkaure [sprint2_stairs_cluster_1,
          sprint2_shoproom, sprint2_temple, sprint2_basic_supplies,
          sprint2_obstacle_7, sprint2_obstacle_4, sprint2_obstacle_3,
          sprint2_obstacle_5, sprint2_obstacle_6, sprint2_timed_cluster_1,
          sprint2_smallroom_cluster_1, sprint2_smallroom_final_cluster_1,
          sprint2_transparent_cluster_1, sprint2_second_timed_cluster_1,
          sprint2_sniper_area_1, sprint2_heavy_combat_area_1,
          sprint2_mutation_trap_area_1, sprint2_forest_area_1,
          sprint2_light_combat_area_1, sprint2_behind_water_1,
          sprint2_near_end_vault_1]

Skill      XL: |  1  2  3  4  5 |
---------------+----------------+-----
Axes           | 9 11 12 13 | 13.7
Fighting       | |  3.6
Armour         | |  3.6
Shields        | |  3.6

Action                   |  1- 3 |  4- 6 || total
-------------------------+-------+-------++-------
Melee: War axe           |     4 |     5 ||     9
  Use: Potion            |     2 |     2 ||     4
Armor: Scale mail        |       |     1 ||     1
Dodge: Dodged            |     1 |       ||     1
Block: Kite shield       |     1 |     1 ||     2

Table legend: (Time is in decaauts)
 A = Elapsed time spent in this place.
 B = Non-inter-level travel time spent in this place.
 C = Inter-level travel time spent in this place.
 D = Time resting spent in this place.
 E = Time spent auto-exploring this place.
 F = Levels seen in this place.
 G = Mean time per level.
                   A        B        C        D        E       F      G
               +--------+--------+--------+--------+--------+-----+--------+
         Total |     17 |     17 |      0 |      0 |      0 |   1 |   17.0 |
       Dungeon |     17 |     17 |      0 |      0 |      0 |   1 |   17.0 |
               +--------+--------+--------+--------+--------+-----+--------+

Top non-repeatable levels by time:
       D: 17 daAuts
